 Dungeon Crawl Stone Soup version 0.29.1-4-g47bece8355 (webtiles) character file.

Game seed: 12242499895233097459

526 javelincjr the Magician (level 7, 0/49 HPs)
             Began as a Djinni Conjurer on Dec 9, 2022.
             Slain by Duvessa
             ... wielding a +0 rapier
              (8 damage)
             ... on level 4 of the Dungeon.
             The game lasted 00:17:45 (4569 turns).

javelincjr the Magician (Djinni Conjurer)           Turns: 4569, Time: 00:17:47

Health: 0/49       AC:  3    Str:  6    XL:     7   Next: 47%
Gold:   203        EV: 12    Int: 22    God:
                   SH:  0    Dex: 11

rFire   + + .      SeeInvis .   f - +3 whip (elec)
rCold   x . .      Faith    .   (no shield)
rNeg    . . .      Spirit   .   a - +0 robe
rPois   ∞          Reflect  .   (no helmet)
rElec   .          Harm     .   (no cloak)
rCorr   .          Rampage  .   e - +0 pair of gloves
Will    .....                   (boots unavailable)
Stlth   ++........              (no amulet)
HPRegen 0.16/turn               (no ring)
MPRegen 0.00/turn               (no ring)

@: flying
A: sickness immunity, fire resistance 2, cold vulnerability 1, float, innate
caster, HP casting, extra vitality 1
a: no special abilities


You were on level 4 of the Dungeon.
You visited 1 branch of the dungeon, and saw 5 of its levels.

You collected 203 gold pieces.

Inventory:

Hand Weapons
 b - a +0 dagger
 f - a +3 whip of electrocution (weapon)
 i - a +0 sling
 k - a +0 short sword of holy wrath
Missiles
 j - 39 stones (quivered)
 t - 2 poisoned darts
Armour
 a - a +0 robe (worn)
 e - a +0 pair of gloves (worn)
 n - a +0 pair of boots
Jewellery
 p - an amulet of faith
Wands
 s - a wand of flame (35)
Scrolls
 d - a scroll of blinking {unknown}
 g - 2 scrolls of brand weapon {unknown}
 m - 2 scrolls of amnesia {unknown}
 q - a scroll of poison {unknown}
 r - a scroll of silence
 u - a scroll of teleportation
 v - a scroll of identify
Potions
 c - a potion of ambrosia
 h - 3 potions of cancellation {unknown}
 l - a potion of haste {unknown}
 o - a potion of heal wounds {unknown}


   Skills:
 + Level 2.0 Fighting
 + Level 2.8 Maces & Flails
 + Level 3.6 Dodging
 + Level 2.9 Stealth
 + Level 4.7 Spellcasting


You couldn't memorise any spells.
You knew the following spells:

 Your Spells              Type           Power      Damage    Failure   Level
a - Magic Dart            Conj           100%       1d8       1%          1
b - Searing Ray           Conj           52%        2d6       2%          2
c - Dazzling Flash        Conj/Hex       52%        N/A       4%          3
d - Fulminant Prism       Conj/Hex       13%        3d9       14%         4
e - Iskenderun's Mystic   Conj/Tloc      26%        2d7       14%         4
f - Apportation           Tloc           52%        N/A       1%          1
g - Call Imp              Summ           26%        N/A       2%          2
h - Static Discharge      Conj/Air       26%        3-7/arc   2%          2
Your spell library was empty.

Dungeon Overview and Level Annotations

Branches:
Dungeon (5/15)
 Temple: D:4-7

Altars:
Fedhas
Ru

Annotations:
D:4 Duvessa


Innate Abilities, Weirdness & Mutations

You are immune to sickness and miasma.
You are immune to poison.
Your flesh is very heat resistant. (rF++)
You are vulnerable to cold. (rC-)
You float through the air rather than walking.
You learn spells naturally, not from books.
Your magical power is your life essence.
You have superior vitality. (+4 MHP)


Message History

Duvessa is lightly wounded.
The searing ray hits Dowan.
Dowan is moderately wounded. (Press . to maintain the ray.)
The searing ray misses Duvessa.
The searing ray hits Dowan.
Dowan is heavily wounded.
Duvessa closely misses you.
The searing ray misses Duvessa.
The searing ray misses Dowan.
Duvessa hits you with a +0 rapier.
The searing ray hits Duvessa!
Duvessa is moderately wounded.
The searing ray hits Dowan!
Dowan is almost dead.
You finish channelling your searing ray.
Duvessa hits you with a +0 rapier!
Casting: Searing Ray (safe; 2% risk of failure)
Confirm with . or Enter, or press ? or * to list all spells.
Aiming: Searing Ray (safe; 2% risk of failure)
Press: ? - help, Shift-Dir - straight line, f/p - Duvessa
Aim: Duvessa, wielding a +0 rapier and wearing a +0 leather armour (moderately wounded, 82% to hit)
The searing ray hits Duvessa.
Duvessa is moderately wounded.
The searing ray hits Dowan!
You kill Dowan!
Duvessa screams in rage.
Duvessa goes berserk! (Press . to maintain the ray.) Duvessa misses you.
Duvessa barely misses you.
Your Fighting skill increases to level 2!
The searing ray hits Duvessa!
Duvessa is heavily wounded.
Duvessa hits you with a +0 rapier!
* * * LOW HITPOINT WARNING * * *
The searing ray hits Duvessa.
Duvessa is heavily wounded.
* * * LOW HITPOINT WARNING * * *
Duvessa hits you with a +0 rapier.
* * * LOW HITPOINT WARNING * * *
Duvessa hits you with a +0 rapier!
You die...

# #. ..### ....###
......#
....#.######
.....[.>...#######
........##.......#
......#.##.#####@#
......#.......##e#
......####.##.##)#
...........##.##.#
.#########.......#
.# ####.#...# .#
#..###.# .# #..#
e# .###. ##.# #


You could see Duvessa (berserk).

Vanquished Creatures
  A scorpion (D:3)
  Dowan (D:4)
  A howler monkey (D:3)
  The ghost of styxcanada the Sneak, a weakling SpBr (D:3)
  3 orc priests (D:4)
  Ijyb (D:4)
  An orc wizard (D:4)
  Natasha (twice) (D:2)
  8 adders
  An ufetubus (D:3)
  A worm (D:2)
  A dart slug (D:4)
  11 orcs
  3 endoplasms
  2 giant cockroaches
  5 goblins
  7 hobgoblins
  11 jackals
  4 kobolds
  6 quokkas
  3 ball pythons
  4 bats
  3 rats (D:2)
81 creatures vanquished.

Vanquished Creatures (others)
  2 fulminant prisms (D:4)
2 creatures vanquished.

Grand Total: 83 creatures vanquished

Notes
Turn   | Place    | Note
-------+----------+-------------------------------------------
     0 | D:1      | javelincjr the Djinni Conjurer began the quest for the Orb.
     0 | D:1      | javelincjr set off with the following spells memorised:
                  | Magic Dart, Searing Ray, Dazzling Flash, Fulminant Prism,
                  | Iskenderun's Mystic Blast.
     0 | D:1      | Reached XP level 1. HP: 15/15 MP: 0/0
   169 | D:1      | Reached XP level 2. HP: 20/21 MP: 0/0
   466 | D:1      | Reached XP level 3. HP: 21/25 MP: 0/0
   466 | D:1      | Learned a level 1 spell: Apportation
   763 | D:1      | Found a faded altar of an unknown god.
  1117 | D:2      | Noticed Natasha
  1127 | D:2      | Killed Natasha
  1128 | D:2      | Reached skill level 4 in Spellcasting
  1128 | D:2      | Reached XP level 4. HP: 8/31 MP: 0/0
  1980 | D:2      | Noticed Natasha
  1984 | D:2      | Killed Natasha
  1985 | D:2      | Reached skill level 1 in Maces & Flails
  1985 | D:2      | Reached XP level 5. HP: 25/36 MP: 0/0
  1985 | D:2      | Learned a level 2 spell: Call Imp
  2140 | D:3      | Noticed styxcanada's ghost (weakling SpBr)
  2140 | D:3      | Found a runed translucent gate.
  2140 | D:3      | Found a runed translucent gate.
  2140 | D:3      | Found a runed translucent gate.
  2468 | D:3      | Reached XP level 6. HP: 41/41 MP: 0/0
  2810 | D:3      | Killed styxcanada's ghost
  2811 | D:3      | Reached skill level 1 in Fighting
  3504 | D:3      | Found a sacrificial altar of Ru.
  3504 | D:3      | Found a blossoming altar of Fedhas.
  4016 | D:4      | Noticed Ijyb
  4036 | D:4      | Killed Ijyb
  4037 | D:4      | Reached XP level 7. HP: 3/47 MP: 0/0
  4037 | D:4      | Learned a level 2 spell: Static Discharge
  4542 | D:5      | Entered Level 5 of the Dungeon
  4558 | D:4      | Noticed Duvessa
  4559 | D:4      | Noticed Dowan
  4567 | D:4      | Killed Dowan
  4569 | D:4      | Slain by Duvessa

Illustrated notes

Levels and vault maps discovered:
D:1:      psy_arrival_fountain, layout_loops_cross,
          shapermc_ecumenical_altar_mp_highgroup
D:2:      layout_rooms, dreamdust_princess_bridge, minivault_19, uniq_natasha
D:3:      layout_loops_ring, gammafunk_temple_overflow_statue,
          ebering_ghost_rock_garden
D:4:      layout_loops_cross, nicolae_overflow_crystal_walls, uniq_duvessa,
          uniq_ijyb
D:5:      layout_gridville, gammafunk_ghost_split

Skill      XL: |  1  2  3  4  5  6  7 |
---------------+----------------------+-----
Spellcasting   | 4 |  4.7
Stealth        | 2 |  2.9
Maces & Flails | 1 2 |  2.8
Dodging        | 3 |  3.6
Fighting       | 1 2 |  2.0

Action                   |  1- 3 |  4- 6 |  7- 9 || total
-------------------------+-------+-------+-------++-------
Melee: Whip              |    29 |    54 |    15 ||    98
       Dagger            |     5 |       |       ||     5
       Punch             |     1 |     1 |       ||     2
Throw: Stone             |       |       |     1 ||     1
 Cast: Magic Dart        |    20 |     1 |     4 ||    25
       Searing Ray       |     1 |    21 |     2 ||    24
       Fulminant Prism   |       |       |     2 ||     2
       Call Imp          |       |       |     1 ||     1
  Use: Scroll            |     4 |       |       ||     4
       Potion            |     3 |       |       ||     3
 Stab: Sleeping          |     1 |     1 |     1 ||     3
Armor: Robe              |     8 |    14 |     5 ||    27
Dodge: Dodged            |    29 |    45 |    13 ||    87
